AoeStats
← [PBiz]-RattleSnek

Arabia

509160315Analyzed
4v4 RM · 8d ago on Sep 25, 2026· 55m 36s· 8 players
Game mode
Random Map
Map size
Large (8 player)
Population
200
Speed
Normal
Resources
Standard
Victory
Conquest
Starting age
Dark Age
Ending age
Imperial Age
RankedLock teamsTeams togetherTeam positionsShared explorationLock speedFull tech treeHidden civsTurbo modeCheats
Victory
Defeat
🇨🇳 Mongols · China
896
+15
🇭🇺 Romans · Hungary
857
+16
🇧🇷 Varangians · Brazil
841
+17
🇦🇷 Georgians · Argentina
815
+18
🇩🇰 Danes · Denmark
883
-17
🇩🇰 Danes · Denmark
874
-17
🇩🇰 Danes · Denmark
845
-16
🇩🇰 Danes · Denmark
840
-16
benjaminvilmos
5:35 Loom
13:40 Feudal Age
19:38 Double-Bit Axe
30:20 Castle Age
29:44 Stone Mining
34:01 Crossbowman
38:26 Gold Mining
39:14 Fletching
41:45 Horse Collar
50:14 Imperial Age
47:44 Bodkin Arrow
47:50 Padded Archer Armor
50:05 Wheelbarrow
49:45 Bow Saw
49:32 Man-at-Arms
52:08 Gold Shaft Mining
51:50 Hand Cart
51:47 Capped Ram
53:33 Long Swordsman
55:53 Forging
55:43 Scale Mail Armor
55:09 Legionary
55:31 Siege Ram
Will Rossi
9:05 Loom
11:14 Feudal Age
14:10 Bloodlines
16:46 Forging
17:46 Scale Barding Armor
24:39 Double-Bit Axe
24:37 Horse Collar
27:58 Castle Age
25:56 Gold Mining
26:08 Stone Mining
32:06 Bow Saw
31:58 Heavy Plow
32:07 Husbandry
32:46 Iron Casting
32:34 Chain Barding Armor
33:44 Vendel Legacy
44:02 Imperial Age
44:16 Cavalier
45:58 Blast Furnace
50:45 Plate Barding Armor
风从草原走过
5:09 Loom
11:41 Feudal Age
13:16 Double-Bit Axe
13:26 Horse Collar
15:54 Castle Age
18:28 Wheelbarrow
18:30 Bloodlines
21:09 Fervor
23:49 Nomads
25:31 Husbandry
27:00 Fletching
27:11 Padded Archer Armor
28:08 Hand Cart
33:07 Imperial Age
31:05 Bodkin Arrow
31:26 Leather Archer Armor
32:32 Gold Mining
32:48 Light Cavalry
33:37 Thumb Ring
33:57 Ballistics
33:32 Murder Holes
33:39 Stone Mining
35:20 Parthian Tactics
36:34 Elite Mangudai
37:51 Bracer
39:39 Chemistry
39:17 Conscription
40:22 Gold Shaft Mining
39:34 Town Watch
41:23 Hoardings
41:07 Scale Barding Armor
41:12 Forging
40:40 Hussar
42:20 Chain Barding Armor
45:47 Iron Casting
48:40 Masonry
50:46 Blast Furnace
55:18 Town Patrol
PlaneBow2693438
4:20 Loom
14:36 Feudal Age
18:31 Double-Bit Axe
21:22 Castle Age
20:24 Horse Collar
20:57 Gold Mining
21:03 Stone Mining
21:55 Padded Archer Armor
22:21 Crossbowman
26:27 Wheelbarrow
44:48 Svan Towers
47:07 Hand Cart
51:30 Caravan
52:01 Coinage
54:56 Heavy Plow
[PBiz]-RattleSnek
7:27 Loom
11:46 Feudal Age
13:24 Double-Bit Axe
13:24 Horse Collar
16:18 Man-at-Arms
24:00 Castle Age
22:18 Forging
26:06 Heavy Plow
28:39 Hamask
31:23 Squires
31:14 Gambesons
32:10 Iron Casting
35:55 Imperial Age
39:33 Elite Varangian Guard
39:41 Elite Jomsviking
41:24 Blast Furnace
40:25 Scale Mail Armor
43:43 Chain Mail Armor
43:50 Pikeman
49:08 Plate Mail Armor
[PBiz]-fedemorten
5:40 Loom
11:03 Feudal Age
11:25 Man-at-Arms
12:04 Horse Collar
13:42 Double-Bit Axe
16:11 Scale Mail Armor
24:58 Castle Age
24:27 Forging
26:17 Wheelbarrow
27:04 Chain Mail Armor
28:09 Pikeman
28:52 Squires
36:15 Scale Barding Armor
45:11 Imperial Age
[PBiz]-Pwnatron
4:24 Loom
11:52 Feudal Age
12:17 Man-at-Arms
13:05 Double-Bit Axe
13:04 Horse Collar
14:02 Wheelbarrow
21:14 Castle Age
22:40 Bow Saw
22:33 Heavy Plow
22:47 Thumb Ring
22:54 Squires
24:20 Fletching
25:18 Hand Cart
26:29 Gambesons
27:47 Bodkin Arrow
28:05 Forging
28:45 Scale Barding Armor
30:36 Ballistics
32:21 Town Watch
34:08 Iron Casting
33:54 Chain Barding Armor
38:11 Imperial Age
37:58 Pikeman
39:26 Town Patrol
40:33 Chemistry
41:28 Bracer
42:28 Blast Furnace
40:53 Heavy Mounted Crossbowman
43:00 Cranequins
43:24 Halberdier
47:56 Padded Archer Armor
49:54 Husbandry
51:02 Leather Archer Armor
[PBiz]-FastFeudal
6:03 Loom
12:53 Feudal Age
12:55 Man-at-Arms
13:28 Double-Bit Axe
14:57 Arson
19:07 Horse Collar
23:04 Castle Age
21:30 Scale Mail Armor
22:09 Fletching
25:19 Elite Skirmisher
26:05 Thumb Ring
28:41 Bodkin Arrow
30:44 Heavy Plow
32:16 Bow Saw
32:47 Gambesons
32:24 Long Swordsman
35:03 Ballistics
36:07 Wheelbarrow
35:49 Squires
40:15 Imperial Age
38:22 Hand Cart
41:05 Bracer
42:01 Conscription
42:16 Padded Archer Armor
41:52 Two-Handed Swordsman
43:12 Pikeman
43:12 Champion
43:48 Halberdier
45:23 Chain Mail Armor
Connection lost

Rejoining the realm…

Still unreachable

The connection could not be restored.

Session expired

The server has moved on; the page needs a fresh start.